 Dungeon Crawl Stone Soup version 0.31-a0-210-gccc998df9b (webtiles) character file.

Game seed: 1187643006241600680

1578 qw the Cleaver (level 8, -3/51 HPs)
             Began as a Gargoyle Fighter on June 29, 2023.
             Slain by a wight
             ... wielding a +3 war axe
              (9 damage)
             ... on level 6 of the Dungeon.
             The game lasted 00:02:28 (5154 turns).

qw the Cleaver (Gargoyle Fighter)                   Turns: 5154, Time: 00:02:29

Health: -3/51      AC: 17    Str: 22    XL:     8   Next: 91%
Magic:  8/8        EV:  8    Int:  9    God:
Gold:   367        SH:  4    Dex:  9    Spells: 7/7 levels left

rFire   . . .        Y - +0 broad axe
rCold   . . .        c - +0 buckler
rNeg    + . .        a - +0 chain mail
rPois   inf          k - +0 helmet
rElec   +            (no cloak)
rCorr   .            e - +0 pair of gloves
SInv    .            (no boots)
Will    .....        (no amulet) Stlth
                     (no ring)
HPRegen 0.28/turn    (no ring)
MPRegen 0.11/turn

%: no passive effects
@: no status effects
A: sickness immunity, AC +5, negative energy resistance 1, electricity
resistance, torment resistance 1, petrification resistance
a: no special abilities


You were on level 6 of the Dungeon.
You visited 1 branch of the dungeon, and saw 6 of its levels.

You collected 367 gold pieces.


Innate Abilities, Weirdness & Mutations

You are immune to sickness and miasma.
Your stone body is resilient. (AC +5)
You are immune to poison.
You resist negative energy. (rN+)
You are resistant to electric shocks. (rElec)
You are resistant to unholy torment.
You are immune to petrification.


   Skills:
 - Level 6.1 Fighting
 + Level 8.2 Axes
 - Level 1.2 Throwing
 - Level 4.1 Armour
 - Level 2.5 Dodging
 - Level 3.2 Shields


You had 7 spell levels left.
You didn't know any spells.
Your spell library was empty.

Inventory:

Hand Weapons
 b - a +0 flail
 Y - a +0 broad axe (weapon)
Missiles
 h - 4 boomerangs (quivered)
Armour
 a - a +0 chain mail (worn)
 c - a +0 buckler (worn)
 e - a +0 pair of gloves (worn)
 k - a +0 helmet (worn)
Scrolls
 f - a scroll of teleportation
 g - 4 scrolls of identify
Potions
 d - 2 potions of might
 i - a potion of mutation
 j - a potion of degeneration {unknown}
 l - a potion of enlightenment {unknown}
 m - a potion of lignification

Dungeon Overview and Level Annotations

Branches:
Dungeon (6/15)
 Temple: D:4-7

Altars:
Qazlal
Yredelemnul


Message History

The wight hits you but does no damage. The wight misses you.
Your Fighting skill increases to level 6!
You closely miss the phantom.
The phantom is severely damaged.
You hit the wight. x2; You closely miss the wight.
You closely miss the shadow imp. The wight hits you but does no damage.
You block the wight's attack. The phantom completely misses you.
The shadow imp gestures at you. Pain shoots through your body!
The wight hits you from afar with a +4 spear of freezing.
The wight freezes you. The wight barely misses you.
You barely miss the wight.
The wight is almost destroyed.
You closely miss the wight. You hit the wight. You closely miss the shadow imp.
You slash the phantom! The wight hits you with a +0 scimitar.
The wight closely misses you. You block the phantom's attack.
The shadow imp barely misses you.
The wight hits you from afar with a +4 spear of freezing.
The wight freezes you. The wight hits you but does no damage.
You closely miss the phantom.
The phantom is almost destroyed.
You slash the wight!
You destroy the wight!
You hit the wight. You hit the wight but do no damage.
You closely miss the shadow imp. The wight completely misses you.
The wight hits you but does no damage.
The phantom hits you but does no damage.
The wight hits you from afar with a +4 spear of freezing!
The wight freezes you.
The shadow imp hits you but does no damage.
You slash the phantom!
You destroy the phantom!
You closely miss the wight. You hit the wight but do no damage.
You hit the shadow imp. The wight hits you with a +0 scimitar.
The wight closely misses you. The shadow imp closely misses you.
The wight hits you but does no damage. The wight hits you with a +0 scimitar!
The shadow imp closely misses you. The wight hits you with a +3 war axe!
You die...

##.........#
...........##
#..........
#.........##
#..........#
#....z...$.#..
#.###5)z......
#.#.$.@z......
#.####'##.....
#......##.....
#.............#...
#####.................
#.........).........#
..
#.###.#.....#.......##
... #.#
#.#.....###.#....# ...
#.#
#.#...>..........###..#


You could see 3 wights and a shadow imp.

Vanquished Creatures
  Grinder (D:3)
  Sigmund (D:3)
  Menkaure (D:4)
  An ice beast (D:5)
  2 ogres (D:4)
  A phantom (D:6)
  Blork the orc (D:5)
  2 scorpions (D:6)
  A wight (D:6)
  A howler monkey (D:6)
  3 hounds
  2 sleepcaps
  Ijyb (D:3)
  3 orc wizards
  4 iguanas
  A gnoll (D:5)
  10 adders
  A shadow imp (D:6)
  A white imp (D:5)
  A worm (D:3)
  6 dart slugs
  15 orcs
  4 ball pythons
  7 bats
  5 endoplasms
  2 giant cockroaches
  6 goblins
  A hobgoblin (D:1)
  6 quokkas
  4 frilled lizards
  7 kobolds
  7 rats
109 creatures vanquished.

Notes
Turn   | Place    | Note
-------+----------+-------------------------------------------
     0 | D:1      | qw the Gargoyle Fighter began the quest for the Orb.
     0 | D:1      | Reached XP level 1. HP: 14/14 MP: 1/1
     0 | D:1      | 0 ||| qw: Version: 0.3-a-24-ga2abf7b
     0 | D:1      | 0 ||| qw: Game counter: 6922
     0 | D:1      | 0 ||| qw: Melee chars always use a shield: true
     0 | D:1      | 0 ||| qw: God list: Okawaru
     0 | D:1      | 0 ||| qw: Allow faded altars: false
     0 | D:1      | 0 ||| qw: Do Orc after clearing Dungeon:15 true
     0 | D:1      | 0 ||| qw: Do second Lair branch before Depths: true
     0 | D:1      | 0 ||| qw: Lair rune preference: random
     0 | D:1      | 0 ||| qw: Goals: Normal, Zot:1-4, Slime:5, God:TSO, Crypt,
                  | Tomb, Abyss, Pan, Hells, Win
     0 | D:1      | 0 ||| PLANNING D:1-11
    36 | D:1      | Reached skill level 2 in Axes
    89 | D:1      | Reached XP level 2. HP: 19/19 MP: 2/2
   240 | D:1      | 240 ||| Stepping ~*~*~tactically~*~*~ (hiding).
   525 | D:1      | 525 ||| Stepping ~*~*~tactically~*~*~ (hiding).
   527 | D:1      | 527 ||| Stepping ~*~*~tactically~*~*~ (stealth).
   535 | D:1      | Reached skill level 3 in Axes
   535 | D:1      | Reached XP level 3. HP: 23/23 MP: 3/3
   543 | D:1      | 543 ||| DROPPING +0 club.
   569 | D:1      | You fall into a shaft and drop 1 floor!
   575 | D:2      | 575 ||| READING 2 scrolls labelled SUONTE UNE ROI.
   576 | D:2      | 576 ||| READING scroll labelled QARUPHONORCH.
   577 | D:2      | 577 ||| READING 2 scrolls labelled DAEGOWN CEDA.
   578 | D:2      | 578 ||| DRINKING 2 bubbling black potions.
   579 | D:2      | 579 ||| DROPPING scroll of revelation.
   714 | D:2      | 714 ||| Stepping ~*~*~tactically~*~*~ (stealth).
   741 | D:2      | 741 ||| Stepping ~*~*~tactically~*~*~ (stealth).
   787 | D:2      | 787 ||| Stepping ~*~*~tactically~*~*~ (stealth).
   822 | D:2      | Identified the +9 dagger of the Warrior {spect, rElec
                  | Will++ Int-4}
   850 | D:2      | 850 ||| Stepping ~*~*~tactically~*~*~ (stealth).
  1188 | D:2      | 1188 ||| Stepping ~*~*~tactically~*~*~ (stealth).
  1189 | D:2      | 1189 ||| Stepping ~*~*~tactically~*~*~ (stealth).
  1190 | D:2      | 1190 ||| Stepping ~*~*~tactically~*~*~ (stealth).
  1348 | D:2      | Reached XP level 4. HP: 28/28 MP: 4/4
  1349 | D:2      | Found a basalt altar of Yredelemnul.
  1399 | D:2      | 1399 ||| UPGRADING to +0 pair of gloves.
  1404 | D:2      | 1404 ||| READING scroll labelled YGEGUJ LYCVAMP.
  1490 | D:3      | Noticed Grinder
  1499 | D:3      | 1499 ||| Stepping ~*~*~tactically~*~*~ (hiding).
  1501 | D:3      | 1501 ||| Stepping ~*~*~tactically~*~*~ (hiding).
  1502 | D:3      | 1502 ||| Stepping ~*~*~tactically~*~*~ (hiding).
  1506 | D:3      | Paralysed by Grinder for 2 turns
  1511 | D:3      | Paralysed by Grinder for 3 turns
  1522 | D:3      | 1522 ||| Stepping ~*~*~tactically~*~*~ (hiding).
  1523 | D:3      | 1523 ||| FLEEEEING.
  1524 | D:3      | 1524 ||| FLEEEEING.
  1524 | D:3      | Paralysed by Grinder for 2 turns
  1526 | D:3      | 1526 ||| FLEEEEING.
  1527 | D:3      | 1527 ||| FLEEEEING.
  1574 | D:3      | Killed Grinder
  1575 | D:3      | Reached skill level 5 in Axes
  1575 | D:3      | Reached XP level 5. HP: 32/32 MP: 5/5
  1575 | D:3      | Reached XP level 6. HP: 37/37 MP: 6/6
  1664 | D:3      | Noticed Ijyb
  1676 | D:3      | Killed Ijyb
  1925 | D:3      | 1925 ||| Stepping ~*~*~tactically~*~*~ (hiding).
  2288 | D:3      | Noticed Sigmund
  2289 | D:3      | 2289 ||| Stepping ~*~*~tactically~*~*~ (hiding).
  2291 | D:3      | 2291 ||| Stepping ~*~*~tactically~*~*~ (hiding).
  2318 | D:3      | Killed Sigmund
  2319 | D:3      | Reached XP level 7. HP: 16/43 MP: 7/7
  2792 | D:3      | 2792 ||| UPGRADING to +0 helmet.
  2797 | D:3      | 2797 ||| READING scroll labelled QILIDY KUFI.
  2798 | D:3      | 2798 ||| READING scroll labelled HERAOG ADISAENK.
  2799 | D:3      | 2799 ||| READING 4 scrolls of identify.
  2799 | D:3      | 2799 ||| IDENTIFYING inky potion
  2979 | D:4      | HP: 8/43 [ogre/+0 giant club (12)]
  2980 | D:4      | 2980 ||| DRINKING potion of heal wounds.
  2982 | D:4      | Reached skill level 6 in Axes
  3079 | D:4      | Noticed Menkaure
  3083 | D:4      | Killed Menkaure
  3329 | D:4      | Reached skill level 7 in Axes
  3388 | D:4      | Reached XP level 8. HP: 47/48 MP: 8/8
  3669 | D:4      | 3669 ||| DROPPING amulet of magic regeneration.
  3706 | D:5      | Entered Level 5 of the Dungeon
  3745 | D:5      | 3745 ||| Stepping ~*~*~tactically~*~*~ (hiding).
  3962 | D:5      | Found a stormy altar of Qazlal.
  4197 | D:5      | Reached skill level 1 in Throwing
  4260 | D:5      | Noticed Blork the orc
  4269 | D:5      | Killed Blork the orc
  4270 | D:5      | Reached skill level 8 in Axes
  4425 | D:5      | 4425 ||| SWAPPING to +0 broad axe.
  4426 | D:5      | 4426 ||| DROPPING +0 war axe.
  4433 | D:5      | 4433 ||| Stepping ~*~*~tactically~*~*~ (hiding).
  4440 | D:5      | 4440 ||| FLEEEEING.
  4441 | D:5      | 4441 ||| FLEEEEING.
  4445 | D:5      | 4445 ||| FLEEEEING.
  4449 | D:5      | 4449 ||| FLEEEEING.
  4450 | D:5      | 4450 ||| FLEEEEING.
  4451 | D:5      | 4451 ||| FLEEEEING.
  4452 | D:5      | 4452 ||| FLEEEEING.
  4453 | D:5      | 4453 ||| FLEEEEING.
  4454 | D:5      | 4454 ||| FLEEEEING.
  4455 | D:5      | 4455 ||| FLEEEEING.
  4456 | D:5      | 4456 ||| FLEEEEING.
  4457 | D:5      | 4457 ||| FLEEEEING.
  4458 | D:5      | 4458 ||| FLEEEEING.
  4459 | D:5      | 4459 ||| FLEEEEING.
  4464 | D:5      | 4464 ||| FLEEEEING.
  4466 | D:5      | 4466 ||| STAIRDANCE
  4497 | D:4      | 4497 ||| UPGRADING to +0 chain mail.
  4507 | D:4      | 4507 ||| DROPPING +0 scale mail.
  4508 | D:4      | 4508 ||| READING scroll labelled QAXOELL FUILANWE.
  4509 | D:4      | 4509 ||| READING scroll labelled WARRU TOUPRID.
  4513 | D:4      | 4513 ||| READING 5 scrolls of identify.
  4513 | D:4      | 4513 ||| IDENTIFYING metallic orange potion
  4591 | D:5      | 4591 ||| DROPPING +1 whip of electrocution.
  5151 | D:6      | Reached skill level 6 in Fighting
  5154 | D:6      | HP: 6/51 [wight/+0 scimitar (12)]
  5154 | D:6      | Slain by a wight

Levels and vault maps discovered:
D:1:      co_arrival_square_in_a_square_in_a_square, layout_basic,
          serial_park_tiny_pond
D:2:      layout_loops_ring, basic_altar
D:3:      layout_basic, minmay_liquid_box, uniq_sigmund, uniq_grinder, uniq_ijyb
D:4:      layout_cave_pods, uniq_menkaure
D:5:      layout_loops_ring, mainiacjoe_overflow_cross_hatched,
          uniq_blork_the_orc
D:6:      layout_basic, minivault_23, nicolae_concentric_dashed_squares_wild

Skill      XL: |  1  2  3  4  5  6  7  8 |
---------------+-------------------------+-----
Axes           | 2 3 5 7 8 |  8.2
Fighting       | 4 6 |  6.1
Dodging        | 2 |  2.5
Throwing       | 1 |  1.2
Armour         | 4 |  4.1
Shields        | |  3.2

Action                     |  1- 3 |  4- 6 |  7- 9 || total
---------------------------+-------+-------+-------++-------
  Melee: War axe           |   107 |   113 |   167 ||   387
         Broad axe         |       |       |    54 ||    54
  Throw: Boomerang         |       |       |    30 ||    30
    Use: Scroll            |     3 |     1 |     6 ||    10
         Potion            |     1 |       |     1 ||     2
 Armour: Scale mail        |    57 |    46 |    78 ||   181
         Chain mail        |       |       |    39 ||    39
  Dodge: Dodged            |    51 |    45 |   122 ||   218
  Block: Buckler           |    18 |    14 |    36 ||    68

Table legend:
 A = Non-vault XP
 B = Vault XP
 C = Vault XP percentage of total XP
 D = Non-vault monster count
 E = Vault monster count
 F = Vault count percentage of total count
                 A         B        C        D         E       F
            +---------+---------+-------+---------+---------+-------
      Total |    1563 |     801 |  33.9 |     104 |       5 |   4.6
            +---------+---------+-------+---------+---------+-------
        D:1 |      37 |       0 |   0.0 |      19 |       0 |   0.0
        D:2 |      46 |       0 |   0.0 |      14 |       0 |   0.0
        D:3 |      68 |     545 |  88.9 |      22 |       3 |  12.0
        D:4 |     396 |     165 |  29.4 |      18 |       1 |   5.3
        D:5 |     452 |      91 |  16.8 |      20 |       1 |   4.8
        D:6 |     564 |       0 |   0.0 |      11 |       0 |   0.0
            +---------+---------+-------+---------+---------+-------
